 Dungeon Crawl Stone Soup version 0.27-a0-695-gb4952372f7 (webtiles) character file.

Game seed: 16838974843966447928

830 jasper the Destroyer (level 7, 0/37 HPs)
             Began as a Deep Elf Conjurer on Mar 21, 2021.
             Was an Initiate of Sif Muna.
             Slain by Sigmund
             ... wielding a +0 scythe
              (7 damage)
             ... on level 5 of the Dungeon.
             The game lasted 00:06:44 (4052 turns).

jasper the Destroyer (Deep Elf Conjurer)            Turns: 4052, Time: 00:06:45

Health: 0/37       AC:  3    Str:  4    XL:     7   Next: 65%
Magic:  8/13       EV: 12    Int: 25    God:    Sif Muna [......]
Gold:   60         SH:  0    Dex: 13    Spells: 1/12 levels left

rFire    . . .     SeeInvis .   p - +0 hand axe (elec)
rCold    . . .     Faith    .   (no shield)
rNeg     . . .     Spirit   .   a - +1 robe
rPois    .         Reflect  .   (no helmet)
rElec    .         Harm     .   (no cloak)
rCorr    .         Rampage  .   (no gloves)
Will     .....                  (no boots)
Stlth    ++........             (no amulet)
HPRegen  0.12/turn              (no ring)
MPRegen  0.13/turn              (no ring)

@: no status effects
A: no striking features
a: Renounce Religion


You were on level 5 of the Dungeon.
You worshipped Sif Muna.
Sif Muna was noncommittal.
You visited 2 branches of the dungeon, and saw 6 of its levels.

You collected 60 gold pieces.

Inventory:

Hand Weapons
 e - a +0 hand axe
 n - a +0 vampiric dagger
 p - a +0 hand axe of electrocution (weapon)
Missiles
 d - 36 stones
Armour
 a - a +1 robe (worn)
Magical Staves
 b - a staff of fire
Jewellery
 j - an amulet of faith
Scrolls
 c - 2 scrolls of immolation
 g - a scroll of random uselessness {unknown}
 h - 3 scrolls of blinking
 l - a scroll of magic mapping
Potions
 f - a potion of ambrosia
 i - a potion of heal wounds {unknown}
 o - 2 potions of berserk rage


   Skills:
 + Level 0.5 Fighting
 + Level 2.7 Dodging
 - Level 2.4 Stealth
 + Level 3.2 Spellcasting
 + Level 9.2 Conjurations
 + Level 0.0 Hexes
 - Level 4.0 Translocations
 * Level 1.3 Invocations


You had one spell level left.
You knew the following spells:

 Your Spells              Type           Power      Damage    Failure   Level
a - Magic Dart            Conj           100%       1d8       1%          1
b - Searing Ray           Conj           100%       3d7       1%          2
c - Iskenderun's Mystic   Conj/Tloc      37%        2d9       6%          4
d - Fulminant Prism       Conj/Hex       13%        3d9       14%         4

Your spell library contained the following spells:

 Spells                   Type           Power      Damage    Failure   Level
 Dazzling Flash           Conj/Hex       54%        N/A       4%          3
 Gell's Gravitas          Tloc           12%        N/A       6%          3
 Confusing Touch          Hex            4%         N/A       28%         3
 Petrify                  Tmut/Erth      4%         N/A       69%         4
 Metabolic Englaciation   Hex/Ice        2%         N/A       95%         5
 Yara's Violent Unravell  Hex/Tmut       2%         3d3       95%         5


Dungeon Overview and Level Annotations

Branches:
Dungeon (5/15)             Temple (1/1) D:5

Altars:
Ashenzari
Elyvilon
Kikubaaqudgha
Nemelex Xobeh
Okawaru
Sif Muna
Trog
Wu Jian
Xom
Yredelemnul
The Shining One

Shops:
D:3 (

Annotations:
D:2 Terence
D:5 Sigmund


Message History

The shadow imp moves out of view.
Found a scroll of enchant armour.
Casting: Magic Dart (safe; 1% risk of failure)
Confirm with . or Enter, or press ? or * to list all spells.
Aiming: Searing Ray (safe; 1% risk of failure)
Press: ? - help, Shift-Dir - straight line, f - Sigmund
Aim: Sigmund, wielding a +0 scythe, wearing a +0 robe and carrying a wand of flame (23) (19% to evade)
You miscast Searing Ray.
You are very lightly contaminated with residual magic.
Nothing appears to happen.
You now have 11/13 mp.
Sigmund points at himself and mumbles some strange words.
Sigmund flickers and vanishes!
Deactivating autopickup; reactivate with Ctrl-A.
The shadow imp hits you. Something hits you!
You take 16 damage, and have 21/37 hp.
MASSIVE DAMAGE!!
Unknown command.
Your magical contamination has completely faded away.
Casting: Searing Ray (safe; 1% risk of failure)
Confirm with . or Enter, or press ? or * to list all spells.
Aiming: Searing Ray (safe; 1% risk of failure)
Press: ? - help, Shift-Dir - straight line, f - shadow imp
Aim: a shadow imp (19% to evade)
The searing ray hits the shadow imp!
The shadow imp is severely wounded.
The searing ray hits something!! (Press . to maintain the ray.)
The shadow imp hits you but does no damage.
Something hits you.
You take 5 damage, and have 17/37 hp.
You now have 10/13 mp.
The searing ray hits the shadow imp!
You kill the shadow imp!
Sif Muna accepts your kill.
The searing ray hits something!
A magic dart appears from out of thin air!
The magic dart hits you!
* * * LOW HITPOINT WARNING * * *
You take 10 damage, and have 7/37 hp.
MASSIVE DAMAGE!!
You now have 9/13 mp.
Something hits you!
You die...

....## ##.#.# .#>
.....# ##..... .#
.....+ ......? .#
.....#
##.....###.#
....## #.........#
...## #.##.####.#
..## #.## #{# +##
# ..# #.# .# ###.#
#.# #@#
.#####.#.###.###.#
.................#
..####.#####.#####
...# #.# #.#
..####.## #.# .##
#...####.# ##
##.......#
#########


There were no monsters in sight!

Vanquished Creatures
  Eustachio (D:5)
  2 sky beasts (D:5)
  An ogre (D:5)
  Dowan (D:4)
  A scorpion (D:4)
  3 hounds
  A centaur skeleton (D:5)
  Jessica (D:3)
  A worker ant (D:5)
  A hound skeleton (D:4)
  5 adders
  A shadow imp (D:5)
  2 oozes (D:3)
  An adder skeleton (D:5)
  2 worms (D:3)
  A dart slug (D:3)
  8 leopard geckos
  2 orcs
  6 goblins
  6 hobgoblins
  8 jackals
  3 kobolds
  A quokka (D:4)
  6 bats
  A frilled lizard (D:1)
  9 rats
75 creatures vanquished.

Notes
Turn   | Place    | Note
-------+----------+-------------------------------------------
     0 | D:1      | jasper the Deep Elf Conjurer began the quest for the Orb.
     0 | D:1      | Reached XP level 1. HP: 10/10 MP: 6/6
   180 | D:1      | Reached XP level 2. HP: 9/15 MP: 0/8
   232 | D:1      | Reached skill level 5 in Conjurations
   440 | D:1      | Learned a level 2 spell: Searing Ray
  1057 | D:1      | Reached XP level 3. HP: 19/19 MP: 2/9
  1264 | D:2      | Noticed Terence
  1356 | D:3      | Found Sychali's Weapon Shoppe.
  1687 | D:3      | Noticed Jessica
  1689 | D:3      | Killed Jessica
  1690 | D:3      | Reached skill level 6 in Conjurations
  1690 | D:3      | Reached XP level 4. HP: 24/24 MP: 7/10
  2557 | D:3      | Found a white marble altar of Elyvilon.
  2635 | D:3      | Identified a scroll of acquirement
  2635 | D:3      | Acquired a staff of fire
  2688 | D:4      | Reached skill level 7 in Conjurations
  2688 | D:4      | Reached XP level 5. HP: 28/28 MP: 5/11
  2693 | D:4      | Learned a level 4 spell: Iskenderun's Mystic Blast
  2808 | D:4      | Noticed Dowan
  2843 | D:4      | Killed Dowan
  2844 | D:4      | Reached skill level 8 in Conjurations
  2844 | D:4      | Reached XP level 6. HP: 32/32 MP: 6/12
  2994 | D:5      | Entered Level 5 of the Dungeon
  3135 | D:5      | Found a staircase to the Ecumenical Temple.
  3135 | D:5      | Noticed a sky beast
  3140 | D:5      | Killed a sky beast
  3141 | D:5      | Reached skill level 9 in Conjurations
  3154 | Temple   | Entered the Ecumenical Temple
  3292 | Temple   | Became a worshipper of Sif Muna the Loreminder
  3368 | D:5      | Reached skill level 1 in Translocations
  3368 | D:5      | Reached XP level 7. HP: 31/36 MP: 9/13
  3425 | D:5      | Noticed Eustachio
  3431 | D:5      | Killed Eustachio
  3811 | D:5      | Reached skill level 1 in Invocations
  4034 | D:5      | Learned a level 4 spell: Fulminant Prism
  4039 | D:5      | Noticed Sigmund
  4052 | D:5      | Slain by Sigmund

Illustrated notes

Levels and vault maps discovered:
D:1:      dpeg_arrival_tiny_j, layout_basic
D:2:      layout_rooms, kennysheep_slug_shrine, uniq_terence
D:3:      layout_loops_ring, marbit_many_paths, serial_shops, shop, uniq_jessica
D:4:      layout_basic, fedhas_altar_1, kennysheep_cross_room,
          nicolae_ru_sacrificial_ziggurat, uniq_blork_the_orc, uniq_edmund,
          uniq_duvessa
D:5:      wad_pebble_path, layout_loops_corners, nicolae_overflow_hidden_temple,
          minmay_temple_entry_junction, uniq_sigmund, uniq_eustachio
Temple:   compressed_dpeg_circular_temple

Skill      XL: |  1  2  3  4  5  6  7 |
---------------+----------------------+-----
Conjurations   | 5 6 7 8 9 |  9.2
Translocations | 1 4 |  4.0
Invocations    | 1 |  1.3
Fighting       | |  0.5
Dodging        | |  2.7
Stealth        | |  2.4
Spellcasting   | |  3.2

Action                   |  1- 3 |  4- 6 |  7- 9 || total
-------------------------+-------+-------+-------++-------
Melee: Hand axe          |       |     7 |       ||     7
 Cast: Magic Dart        |    57 |    65 |    24 ||   146
       Searing Ray       |     1 |     8 |     5 ||    14
  Use: Potion            |     3 |       |       ||     3
       Scroll            |       |     9 |       ||     9
Armor: Robe              |     1 |     2 |     3 ||     6
Dodge: Dodged            |     8 |    13 |     4 ||    25

Table legend: (Time is in decaauts)
 A = Elapsed time spent in this place.
 B = Non-inter-level travel time spent in this place.
 C = Inter-level travel time spent in this place.
 D = Time resting spent in this place.
 E = Time spent auto-exploring this place.
 F = Levels seen in this place.
 G = Mean time per level.
                   A        B        C        D        E       F      G
               +--------+--------+--------+--------+--------+-----+--------+
         Total |   4054 |   3927 |    127 |    700 |   2760 |   6 |  675.7 |
       Dungeon |   3894 |   3787 |    107 |    700 |   2640 |   5 |  778.8 |
        Temple |    159 |    139 |     20 |      0 |    120 |   1 |  159.0 |
               +--------+--------+--------+--------+--------+-----+--------+

Top non-repeatable levels by time:
     D:3: 1334 daAuts
     D:1: 1317 daAuts
     D:5: 796 daAuts
     D:4: 434 daAuts
  Temple: 159 daAuts
     D:2: 11 daAuts
